 Dungeon Crawl Stone Soup version 0.21.1-1-g345015fe64 (webtiles) character file.

955 Razbojnik the Magician (level 7, -7/40 HPs)
             Began as a Deep Elf Conjurer on July 28, 2018.
             Mangled by a gnoll
             ... wielding a +0 whip
              (10 damage)
             ... on level 6 of the Dungeon.
             The game lasted 00:23:51 (6313 turns).

Razbojnik the Magician (Deep Elf Conjurer)          Turns: 6313, Time: 00:23:51

Health: -7/40      AC:  3    Str:  5    XL:     7   Next: 91%
Magic:  0/20       EV: 13    Int: 22    God:
Gold:   147        SH:  0    Dex: 15    Spells: 7/21 levels left

rFire    . . .     SeeInvis +   f - +0 dagger
rCold    . . .     Gourm    .   (no shield)
rNeg     . . .     Faith    .   a - +0 robe
rPois    .         Spirit   .   (no helmet)
rElec    .         Reflect  .   H - +0 cloak
rCorr    .         Harm     +   (no gloves)
MR       .....                  (no boots)
Stlth    +++.......             r - amulet of harm
HPRegen  0.13/turn              i - ring of see invisible
MPRegen  0.17/turn              I - ring of flight

@: no status effects
A: no striking features
a: Evoke Flight


You were on level 6 of the Dungeon.
You were hungry.

You visited 1 branch of the dungeon, and saw 6 of its levels.

You collected 199 gold pieces.
You spent 52 gold pieces at shops.

Inventory:

Hand Weapons
 f - a +0 dagger (weapon)
 l - a +0 hunting sling
 B - a +3 quarterstaff of chaos
 D - a +0 blowgun
Missiles
 m - 96 stones
 p - 14 poisoned needles
 w - 14 tomahawks (quivered)
 E - 4 curare-tipped needles
Armour
 a - a +0 robe (worn)
 z - a +0 leather armour
 H - a +0 cloak (worn)
Jewellery
 i - a ring of see invisible (left hand)
 r - an amulet of harm (around neck)
 I - a ring of flight (right hand)
Wands
 A - a wand of random effects (23)
Scrolls
 d - 2 scrolls of random uselessness {unknown}
 h - 4 scrolls of teleportation {unknown}
 k - a scroll of amnesia {unknown}
 n - 3 scrolls of enchant armour {unknown}
 q - a scroll of blinking {unknown}
 t - 2 scrolls of magic mapping {unknown}
 v - a scroll of remove curse {unknown}
 x - a scroll of fear
 y - 5 scrolls of identify
Potions
 e - 2 potions of mutation {unknown}
 j - 2 potions of brilliance {unknown}
 o - a potion of might {unknown}
 s - 4 potions of curing
 u - 2 potions of heal wounds {unknown}
 C - 3 potions of agility {unknown}
 F - a potion of berserk rage {unknown}
Books
 b - a book of Conjurations

   Spells                             Type                      Level
   a - Magic Dart                     Conjuration                  1
   b - Searing Ray                    Conjuration                  2
   c - Dazzling Spray                 Conjuration/Hexes            3
   d - Fulminant Prism                Conjuration/Hexes            4
   e - Force Lance                    Conjuration/Translocation    4
   f - Iskenderun's Mystic Blast      Conjuration                  4
 G - a book of Changes

   Spells                             Type                      Level
   a - Beastly Appendage              Transmutation                1
   b - Sticks to Snakes               Transmutation                2
   c - Spider Form                    Transmutation/Poison         3
   d - Ice Form                       Ice/Transmutation            4
   e - Blade Hands                    Transmutation                5
Comestibles
 c - 9 rations


   Skills:
 + Level 2.2 Fighting
 - Level 2.4 Dodging
 - Level 4.0 Stealth
 + Level 7.9 Spellcasting
 + Level 5.9 Conjurations
 - Level 6.0 Hexes


You had 7 spell levels left.
You knew the following spells:

 Your Spells              Type           Power        Failure   Level  Hunger
a - Magic Dart            Conj           ####         1%          1    None
b - Searing Ray           Conj           ####..       1%          2    None
c - Dazzling Spray        Conj/Hex       ####..       1%          3    None
d - Fulminant Prism       Conj/Hex       ####......   6%          4    ###....
e - Iskenderun's Mystic   Conj           ####....     6%          4    ###....


Dungeon Overview and Level Annotations

Branches:
Dungeon (6/15)
 Temple: D:4-7

Altars:
Ashenzari
Dithmenos
Fedhas

Shops:
D:4 (   D:5 !


Message History

Aiming: Magic Dart
Press: ? - help, Shift-Dir - straight line, f/p - gnoll
Aim: a gnoll, wielding a whip (lightly wounded)
The magic dart hits the gnoll.
The gnoll is moderately wounded.
The shadow imp shouts, "Crawl home, thou villainous fen-sucked apple-john!"
The gnoll closely misses you.
Casting: Magic Dart
Confirm with . or Enter, or press ? or * to list all spells.
Aiming: Magic Dart
Press: ? - help, Shift-Dir - straight line, f/p - gnoll
Aim: a gnoll, wielding a whip (moderately wounded)
The magic dart hits the gnoll.
The gnoll is heavily wounded.
The gnoll hits you with a whip.
* * * LOW HITPOINT WARNING * * *
You tear a large gash into the net.
The gnoll hits you with a whip.
* * * LOW HITPOINT WARNING * * *
You shred the net and break free! The gnoll hits you with a whip!
You die...

. ...
#..###########
#...)........#
#..(..#######.#
.(...#.#######.#
.... ......5))@#
##. >#.#####.g##
# g... #..# .g
## #..# .## #..#
#..# #..# #M.#
#..#


You could see Menkaure (wandering), a gnoll and a shadow imp.

Vanquished Creatures
  2 ogres
  A gnoll sergeant (D:6)
  A wyvern zombie (D:6)
  2 scorpions (D:4)
  A crimson imp (D:3)
  Crazy Yiuf (D:2)
  An orc priest (D:4)
  Natasha (thrice) (D:2)
  Terence (D:2)
  4 iguanas
  2 worker ants (D:4)
  3 gnolls (D:6)
  7 adders
  2 adder skeletons
  A worm (D:3)
  3 dart slugs
  A leopard gecko (D:1)
  18 orcs
  7 bats
  4 giant cockroaches
  8 goblins
  9 hobgoblins
  11 jackals
  3 quokkas
  2 frilled lizards
  A giant cockroach zombie (D:3)
  8 kobolds
  A leopard gecko skeleton (D:4)
  A quokka zombie (D:5)
  8 rats
117 creatures vanquished.

Vanquished Creatures (others)
  11 fulminant prisms
11 creatures vanquished.

Grand Total: 128 creatures vanquished

Notes
Turn   | Place    | Note
-------+----------+-------------------------------------------
     0 | D:1      | Razbojnik the Deep Elf Conjurer began the quest for the Orb.
     0 | D:1      | Reached XP level 1. HP: 10/10 MP: 6/6
   366 | D:1      | Reached XP level 2. HP: 15/15 MP: 1/8
   474 | D:1      | Learned a level 2 spell: Searing Ray
   681 | D:1      | Reached skill level 4 in Spellcasting
   708 | D:1      | Reached XP level 3. HP: 19/19 MP: 5/10
   713 | D:1      | Learned a level 3 spell: Dazzling Spray
   763 | D:1      | Reached skill level 5 in Conjurations
  1025 | D:1      | Reached skill level 1 in Hexes
  1387 | D:2      | Reached XP level 4. HP: 24/24 MP: 9/12
  1393 | D:2      | Learned a level 4 spell: Fulminant Prism
  1476 | D:2      | Found a runed door.
  1510 | D:2      | Noticed Terence
  2138 | D:3      | Reached XP level 5. HP: 28/28 MP: 8/13
  3008 | D:4      | Noticed an ogre
  3162 | D:4      | Found a shattered altar of Ashenzari.
  3283 | D:4      | Reached skill level 5 in Spellcasting
  3283 | D:4      | Reached skill level 5 in Hexes
  3363 | D:4      | Reached XP level 6. HP: 27/32 MP: 9/16
  3471 | D:4      | Found Sianwimn's Weapon Shoppe.
  3589 | D:4      | Reached skill level 6 in Spellcasting
  3625 | D:4      | Learned a level 4 spell: Iskenderun's Mystic Blast
  3847 | D:4      | Found a blossoming altar of Fedhas.
  4306 | D:4      | Found a shadowy altar of Dithmenos.
  4321 | D:4      | Reached XP level 7. HP: 36/36 MP: 11/19
  4348 | D:5      | Entered Level 5 of the Dungeon
  4662 | D:5      | Found Luxilud's Distillery.
  4669 | D:5      | Bought a potion of curing for 39 gold pieces
  4669 | D:5      | Bought a potion of degeneration for 13 gold pieces
  4756 | D:5      | Reached skill level 7 in Spellcasting
  5334 | D:2      | Killed Terence
  5359 | D:2      | Noticed Crazy Yiuf
  5366 | D:2      | Killed Crazy Yiuf
  5366 | D:2      | Reached skill level 1 in Fighting
  5568 | D:2      | Noticed Natasha
  5576 | D:2      | Killed Natasha
  5786 | D:2      | Noticed Natasha
  5793 | D:2      | Killed Natasha
  5816 | D:2      | Noticed Natasha
  5820 | D:2      | Killed Natasha
  6313 | D:6      | Mangled by a gnoll

Skill      XL: |  1  2  3  4  5  6  7 |
---------------+----------------------+-----
Spellcasting   | 4 5 6 7 |  7.9
Conjurations   | 5 |  5.9
Hexes          | 2 4 5 6 |  6.0
Stealth        | 4 |  4.0
Fighting       | 2 |  2.2
Dodging        | |  2.4

Action                   |  1- 3 |  4- 6 |  7- 9 || total
-------------------------+-------+-------+-------++-------
Melee: Dagger            |    18 |     2 |     1 ||    21
 Fire: Hunting sling     |     1 |       |       ||     1
Throw: Tomahawk          |       |     1 |     2 ||     3
 Cast: Magic Dart        |    53 |    70 |    31 ||   154
       Searing Ray       |     4 |    18 |    12 ||    34
       Dazzling Spray    |     2 |       |       ||     2
       Fulminant Prism   |       |     6 |     5 ||    11
       Iskenderun's Myst |       |       |     2 ||     2
  Use: Scroll            |       |       |     1 ||     1
 Stab: Sleeping          |     1 |     1 |     1 ||     3
  Eat: Chunk             |     2 |     9 |     3 ||    14
       Ration            |       |       |     1 ||     1
Armor: Robe              |     4 |     2 |     2 ||     8
Dodge: Dodged            |    41 |    11 |     9 ||    61
